 Dungeon Crawl Stone Soup version 0.29.1-15-g9cfb28693d (webtiles) character file.

Game seed: 1052438697236169663

14285 Smoke131 the Arsonist (level 11, -7/74 (89) HPs)
             Began as a Black Draconian Fire Elementalist on Feb 26, 2023.
             Was a Priest of Vehumet.
             Mangled by a spectral orc warlord
             ... wielding a +0 long sword
             ... summoned by Nergalle
              (14 damage)
             ... on level 3 of the Lair of Beasts.
             The game lasted 00:42:18 (13838 turns).

Smoke131 the Arsonist (DrFE)                       Turns: 13838, Time: 00:42:18

HP:   -7/74 (89)    AC: 12    Str: 17    XL:     11   Next: 86%
MP:   16/18         EV: 15    Int: 20    God:    Vehumet [***...]
Gold: 629           SH:  7    Dex: 11    Spells: 8/20 levels left

rFire   . . .      SeeInvis .   C - staff of conjuration
rCold   + . .      Faith    .   H - +2 buckler
rNeg    . . .      Spirit   .   (body armour unavailable)
rPois   +          Reflect  .   (helmet restricted)
rElec   +          Harm     .   (no cloak)
rCorr   +          Rampage  .   J - +0 pair of gloves
Will    .....                   (no boots)
Stlth   ++........              q - amulet of magic regeneration
HPRegen 0.22/turn               m - ring of Ezuinuv {rPois rC+ rCorr AC+4}
MPRegen 0.56/turn               I - +6 ring of strength

@: brilliant, heavily drained
A: breathe lightning, AC +7, unfitting armour, electricity resistance,
cold-blooded
a: Breathe Lightning, Renounce Religion


You were on level 3 of the Lair of Beasts.
You worshipped Vehumet.
Vehumet was most pleased with you.
You visited 2 branches of the dungeon, and saw 14 of its levels.

You collected 746 gold pieces.
You spent 117 gold pieces at shops.

Inventory:

Hand Weapons
 z - the +5 long sword of the Burning Gods {elec, rC+}
   (You found it on level 6 of the Dungeon)

   It occasionally discharges a powerful burst of electricity upon striking a
   foe.
   rC:        It protects you from cold.
 B - a +3 spear of venom
Missiles
 s - 3 throwing nets
Armour
 H - a +2 buckler (worn)
 J - a +0 pair of gloves (worn)
Magical Staves
 C - a staff of conjuration (weapon)
Jewellery
 g - a ring of fire
 m - the ring of Ezuinuv (left hand) {rPois rC+ rCorr AC+4}
   (You acquired it on level 5 of the Dungeon)

   [ring of protection]

   AC:        It affects your AC (+4).
   rC:        It protects you from cold.
   rPois:     It protects you from poison.
   rCorr:     It protects you from acid and corrosion.
 q - an amulet of magic regeneration (around neck)
 E - an amulet of the acrobat
 G - an amulet of reflection
 I - a +6 ring of strength (right hand)
Wands
 b - a wand of roots (5)
 f - a wand of charming (5)
 l - a wand of flame (5)
 o - a wand of polymorph (5)
Scrolls
 d - 9 scrolls of teleportation
 n - 4 scrolls of blinking
 r - 3 scrolls of enchant armour
 v - 6 scrolls of fog
 w - a scroll of poison
 y - 9 scrolls of identify
 D - 2 scrolls of amnesia
 K - a scroll of magic mapping
 L - a scroll of enchant weapon
Potions
 a - 2 potions of degeneration
 c - 4 potions of brilliance (quivered)
 e - 5 potions of haste
 h - 4 potions of might
 i - a potion of heal wounds
 j - a potion of mutation
 k - 2 potions of attraction
 p - 7 potions of curing
 t - a potion of cancellation
 u - 3 potions of flight
 x - 3 potions of lignification
 A - 2 potions of ambrosia
 F - a potion of berserk rage


   Skills:
 + Level 5.7 Fighting
 - Level 10.0 Dodging
 - Level 1.7 Stealth
 - Level 5.0 Shields
 - Level 5.0 Spellcasting
 - Level 10.0 Conjurations
 - Level 10.0 Fire Magic


You had 8 spell levels left.
You knew the following spells:

 Your Spells              Type           Power      Damage    Failure   Level
a - Foxfire               Conj/Fire      100%       2x1d9     1%          1
b - Scorch                Fire           100%       2d10      1%          2
c - Conjure Flame         Conj/Fire      79%        6-21      1%          3
d - Flame Wave            Conj/Fire      79%        2d17      1%          4
z - Searing Ray           Conj           100%       2d8       1%          2

Your spell library contained the following spells:

 Spells                   Type           Power      Damage    Failure   Level
 Iskenderun's Mystic Bla  Conj/Tloc      54%        2d12      5%          4
 Inner Flame              Hex/Fire       37%        N/A       1%          3
 Beastly Appendage        Tmut           14%        N/A       14%         1
 Gell's Gravitas          Tloc           7%         N/A       41%         3
 Lesser Beckoning         Tloc           7%         N/A       41%         3
 Portal Projectile        Hex/Tloc       14%        N/A       41%         3
 Teleport Other           Tloc           7%         N/A       41%         3
 Tukima's Dance           Hex            7%         N/A       41%         3
 Anguish                  Hex/Necr       3%         N/A       82%         4
 Blade Hands              Tmut           3%         N/A       99%         5
 Enfeeble                 Hex            3%         N/A       100%        7
 Chain Lightning          Conj/Air       27%        3d36      100%        9
 Fire Storm               Conj/Fire      39%        8d10      100%        9
 Shatter                  Erth           3%         3d7*      100%        9


Dungeon Overview and Level Annotations

Branches:
Dungeon (11/15)            Temple (0/1) D:4            Lair (3/5) D:11
  Swamp (0/4) Lair:2          Orc (0/2) D:9
  Snake: Lair:2-3    Spider: Lair:2-3

Altars:
Ashenzari
Cheibriados
Fedhas
Nemelex Xobeh
Ru
Trog
Vehumet
The Shining One

Shops:
D:3 :!:

Annotations:
Lair:3 Josephine, Nergalle


Innate Abilities, Weirdness & Mutations

You can breathe wild blasts of lightning.
Your glossy black scales are hard. (AC +7)
You cannot fit into any form of body armour.
You are resistant to electric shocks. (rElec)
You are cold-blooded and may be slowed by cold attacks.


Message History

A wave of flame ripples out!
The flame wave engulfs the culicivora!!
The culicivora is almost dead.
The flame wave engulfs Nergalle!
Nergalle is severely wounded.
The flame wave engulfs the spectral orc warlord!
The spectral orc warlord is severely damaged.
The flame wave engulfs Josephine!!
Josephine is moderately wounded.
You hear a bleat!
The culicivora is healed somewhat.
The culicivora barely misses you. Nergalle closely misses you.
The culicivora is healed somewhat.
The culicivora barely misses you.
A wraith comes into view.
The spectral orc warlord hits you with a +0 long sword!!
* * * LOW HITPOINT WARNING * * *
You feel drained.
* * * LOW HITPOINT WARNING * * *
A wave of flame ripples out!
The flame wave engulfs the culicivora!!
You kill the culicivora!
Vehumet accepts your kill.
The flame wave engulfs Nergalle!
Nergalle is almost dead.
The flame wave engulfs Josephine!
Josephine is heavily wounded.
The flame wave engulfs the spectral orc warlord.
The spectral orc warlord is severely damaged.
The flame wave engulfs the wraith!
The wraith is moderately damaged.
The flame wave engulfs the wraith.
The wraith is lightly damaged.
You finish channelling waves of flame.
You hear a bleat!
Nergalle asks, "There's a tasty morsel, hm?"
Nergalle hits you with a +0 dagger.
* * * LOW HITPOINT WARNING * * *
Josephine barely misses you.
A wraith comes into view.
The spectral orc warlord closely misses you.
The spectral orc warlord hits you with a +0 long sword!
You die...

###...
##.#..###
##.......##
#.........##
#......?P.##
##........WW.
#.>......W.?.
##.##.sZWW..##
....s.o@@.$.P#
P#.#####.#####
#..# ..## #.#
... ###


You could see Josephine, Nergalle, a spectral orc warlord (summoned), 2
culicivoras and 5 wraiths.

Vanquished Creatures
  A two-headed ogre (D:8)
  An ugly thing (D:11)
  4 elephants
  Psyche (D:11)
  2 cane toads (Lair:1)
  4 komodo dragons
  An efreet (D:11)
  2 trolls
  A hornet (D:9)
  3 blink frogs (Lair:2)
  A shadow (D:11)
  The ghost of Lysca the Ogre Mage, an amateur OgHW (D:3)
  19 yaks
  A basilisk (Lair:2)
  4 wyverns
  A culicivora (Lair:3)
  2 steam dragons
  3 vampire mosquitoes (D:10)
  3 acid dragons
  4 water moccasins
  2 sky beasts
  4 black bears
  An ogre (D:5)
  4 centaurs
  2 phantoms
  2 kobold brigands
  4 bullfrogs
  4 necrophages
  2 gnoll sergeants
  A scorpion (D:5)
  3 killer bees (D:9)
  An electric eel (D:9)
  7 howler monkeys
  3 orc priests
  A jelly (D:5)
  4 gnoll boudas
  4 hounds
  Terence (D:2)
  Jessica (D:2)
  Natasha (twice) (D:3)
  3 iguanas
  5 orc wizards
  6 hell rats (Lair:1)
  6 adders
  16 gnolls
  3 shadow imps
  An ufetubus (D:5)
  4 worms
  11 orcs
  5 bats
  5 endoplasms
  4 giant cockroaches (D:1)
  6 goblins
  10 hobgoblins
  5 kobolds
  4 quokkas
  7 ball pythons
  A frilled lizard (D:2)
  2 goblin skeletons (D:8)
  A goblin zombie (D:8)
  3 hobgoblin zombies (D:8)
  2 kobold zombies (D:8)
  An orc skeleton (D:8)
  5 rats
228 creatures vanquished.

Vanquished Creatures (collateral kills)
  A hell rat (Lair:1)
1 creature vanquished.

Vanquished Creatures (others)
  A wizard (D:10)
  126 foxfires
  2 fungi (D:2)
  3 plants
132 creatures vanquished.

Grand Total: 361 creatures vanquished

Notes
Turn   | Place    | Note
-------+----------+-------------------------------------------
     0 | D:1      | Smoke131 the Draconian Fire Elementalist began the quest
                  | for the Orb.
     0 | D:1      | Reached XP level 1. HP: 14/14 MP: 3/3
   311 | D:1      | Reached XP level 2. HP: 20/20 MP: 5/5
   349 | D:1      | Learned a level 2 spell: Scorch
  1078 | D:2      | Found a faded altar of an unknown god.
  1097 | D:1      | Reached XP level 3. HP: 11/26 MP: 0/6
  1437 | D:2      | Got Plato's Excursus on Moulding
  1472 | D:2      | Noticed Jessica
  1678 | D:2      | Killed Jessica
  1774 | D:2      | Reached XP level 4. HP: 33/33 MP: 0/7
  1859 | D:2      | Noticed Terence
  1874 | D:2      | Killed Terence
  2345 | D:3      | Noticed Natasha
  2350 | D:3      | Killed Natasha
  2351 | D:3      | Reached XP level 5. HP: 38/38 MP: 0/9
  2499 | D:3      | Noticed Natasha
  2501 | D:3      | Killed Natasha
  2524 | D:3      | Found a large runed translucent door.
  2525 | D:3      | Found a large runed translucent door.
  2528 | D:3      | Noticed Lysca's ghost (amateur OgHW)
  2542 | D:3      | Found Raamoagh's Distillery.
  2548 | D:3      | Found Lerhugg's Book Shop.
  2712 | D:3      | Learned a level 3 spell: Conjure Flame
  2714 | D:3      | Found Atre's Book Emporium.
  3277 | D:3      | Found a blossoming altar of Fedhas.
  3294 | D:3      | Found a radiant altar of Vehumet.
  3300 | D:3      | Became a worshipper of Vehumet
  3666 | D:4      | Noticed a centaur
  3675 | D:4      | Found a staircase to the Ecumenical Temple.
  3939 | D:4      | Reached XP level 6. HP: 45/45 MP: 8/11
  4032 | D:4      | Found a sparkling altar of Nemelex Xobeh.
  4104 | D:5      | Entered Level 5 of the Dungeon
  4105 | D:5      | Identified a scroll of acquirement
  4105 | D:5      | Acquired the ring of Ezuinuv {rPois rC+ rCorr AC+4}
  4341 | D:5      | Noticed a sky beast
  4351 | D:5      | Killed a sky beast
  4352 | D:5      | Your scales start taking on a glossy black colour.
  4352 | D:5      | Reached XP level 7. HP: 41/50 MP: 5/13
  4352 | D:5      | Gained mutation: You are resistant to electric shocks.
                  | (rElec) [Black Draconian growth]
  4353 | D:5      | Reached skill level 5 in Fire Magic
  4560 | D:5      | Reached XP level 8. HP: 38/57 MP: 6/14
  4735 | D:4      | Reached * piety under Vehumet
  4735 | D:4      | Offered knowledge of Magic Dart by Vehumet.
  5093 | D:5      | Reached skill level 5 in Dodging
  5093 | D:5      | Reached skill level 5 in Spellcasting
  5093 | D:5      | Reached skill level 5 in Conjurations
  5255 | D:6      | Learned a level 4 spell: Flame Wave
  5532 | D:6      | Identified the +5 long sword of the Burning Gods {elec,
                  | rC+}
  5903 | D:7      | Found a snail-covered altar of Cheibriados.
  5980 | D:7      | Reached XP level 9. HP: 50/62 MP: 3/16
  6385 | D:3      | Killed Lysca's ghost
  6437 | D:3      | Bought a potion of attraction for 39 gold pieces
  6437 | D:3      | Bought a potion of flight for 39 gold pieces
  6437 | D:3      | Bought a potion of curing for 39 gold pieces
  6623 | D:8      | Offered knowledge of Searing Ray by Vehumet.
  6657 | D:8      | Noticed a two-headed ogre
  6683 | D:8      | Killed a two-headed ogre
  6769 | D:8      | Reached ** piety under Vehumet
  6819 | D:8      | Reached XP level 10. HP: 52/69 MP: 8/17
  7402 | D:8      | Learned a level 2 spell: Searing Ray
  7660 | D:8      | Found a glowing golden altar of the Shining One.
  7754 | D:8      | Found a broken altar of Ashenzari.
  8086 | D:9      | Offered knowledge of Mephitic Cloud by Vehumet.
  8341 | D:9      | Found a staircase to the Orcish Mines.
  8761 | D:9      | Reached *** piety under Vehumet
  9299 | D:10     | Entered Level 10 of the Dungeon
  9556 | D:10     | Reached XP level 11. HP: 58/74 MP: 8/18
  9731 | D:10     | Reached skill level 10 in Fire Magic
  9798 | D:10     | Found a sacrificial altar of Ru.
 10008 | D:10     | Found the +9 scales of the Dragon King {rPois rF+ rC+
                  | Will+}
 10068 | D:10     | Found a bloodstained altar of Trog.
 10071 | D:10     | Noticed a wizard
 10077 | D:10     | Killed a wizard
 10272 | D:11     | Noticed Psyche
 10283 | D:11     | Killed Psyche
 10537 | D:11     | Noticed a white ugly thing
 10548 | D:11     | Killed a white ugly thing
 10668 | D:11     | Found a staircase to the Lair.
 10742 | D:11     | Reached skill level 10 in Conjurations
 11278 | Lair:1   | Entered Level 1 of the Lair of Beasts
 11319 | Lair:1   | Reached skill level 10 in Dodging
 11445 | Lair:1   | Reached skill level 1 in Shields
 11672 | Lair:1   | Offered knowledge of Iskenderun's Mystic Blast by Vehumet.
 12705 | Lair:2   | Reached skill level 5 in Shields
 12707 | Lair:2   | Reached skill level 1 in Fighting
 12730 | Lair:2   | Acquired a staff of conjuration
 13104 | Lair:2   | Reached skill level 5 in Fighting
 13385 | Lair:2   | Found a staircase to the Swamp.
 13822 | Lair:3   | Noticed Nergalle
 13827 | Lair:3   | Noticed a spectral orc warlord
 13830 | Lair:3   | Noticed Josephine
 13838 | Lair:3   | Mangled by a spectral orc warlord

Illustrated notes

Levels and vault maps discovered:
D:1:      lightli_arrival_statue_moat, layout_basic, minmay_bisected
D:2:      layout_rooms, shapermc_ecumenical_altar_rom_forum, uniq_jessica,
          uniq_terence
D:3:      layout_basic, lemuel_round_altar, fedhas_altar_1, serial_shops,
          nicolae_square_shop, shop, shop, ebering_ghost_disaster_area,
          uniq_natasha
D:4:      layout_basic, kennysheep_little_box, minmay_temple_entry_large_hall
D:5:      layout_rooms
D:6:      layout_rooms, minmay_crystal_room
D:7:      layout_rooms, cheibrodos_worm_habitat, grunt_ministairs_13
D:8:      layout_loops_corners, nicolae_tso_besieged_by_evil,
          mainiacjoe_overflow_alcove_4, kennysheep_decorative_pillar,
          hangedman_minor_gate_pass
D:9:      layout_loops_ring, orc_0_dummy, nicolae_water_bricks,
          kennysheep_generic_room_13
D:10:     layout_small_grid, nicolae_ru_awakened_eye, trog_wizard
D:11:     layout_loops_cross, lair_entry_dummy,
          hangedman_abyss_or_decor_lesser_grid, nicolae_wwwww, uniq_psyche
Lair:1:   layout_roguey
Lair:2:   layout_hall_layers, swamp_mist, grunt_megastairs_3
Lair:3:   layout_loops_ring, hellmonk_spider_entry_life_and_decay,
          uniq_josephine, uniq_nergalle, uniq_snorg, uniq_sonja

Skill      XL: |  1  2  3  4  5  6  7  8  9 10 11 |
---------------+----------------------------------+-----
Dodging        | 2 3 4 5 7 8 10 | 10.0
Conjurations   | 2 3 4 6 7 9 10 | 10.0
Spellcasting   | 3 4 5 |  5.0
Fire Magic     | 4 5 6 8 9 10 | 10.0
Shields        | 5 |  5.0
Fighting       | 5 |  5.7
Stealth        | |  1.7

Action                   |  1- 3 |  4- 6 |  7- 9 | 10-12 || total
-------------------------+-------+-------+-------+-------++-------
Melee: Dagger            |    65 |     8 |       |       ||    73
       Tailslap          |     6 |     5 |     9 |     9 ||    29
       Trident           |       |    43 |     4 |       ||    47
       Long sword        |       |       |    16 |       ||    16
       Spear             |       |       |    11 |    47 ||    58
       Punch             |       |       |       |     1 ||     1
       Staff             |       |       |       |     1 ||     1
 Cast: Foxfire           |    44 |    13 |     2 |    13 ||    72
       Scorch            |     6 |    43 |   124 |   261 ||   434
       Conjure Flame     |       |       |     2 |     1 ||     3
       Searing Ray       |       |       |       |     3 ||     3
       Flame Wave        |       |       |       |     2 ||     2
 Abil: Breathe Lightning |       |       |     5 |     2 ||     7
Evoke: Wand              |       |       |       |     8 ||     8
  Use: Potion            |       |     1 |     2 |     6 ||     9
       Scroll            |       |     8 |    10 |     6 ||    24
 Stab: Sleeping          |       |     4 |       |       ||     4
       Invisible         |       |       |       |     3 ||     3
Armor: Skin              |    37 |    33 |    41 |    76 ||   187
Dodge: Dodged            |    73 |    61 |    82 |   137 ||   353
Block: Buckler           |       |       |       |    31 ||    31
